AoeStats
← Hilux Surf

Hideout

509657146Analyzed
1v1 RM · 5d ago on Sep 27, 2026· 22m 15s· 2 players
Game mode
Random Map
Map size
Tiny (2 player)
Population
200
Speed
Normal
Resources
Standard
Victory
Conquest
Starting age
Dark Age
Ending age
Imperial Age
RankedLock teamsTeams togetherTeam positionsShared explorationLock speedFull tech treeHidden civsTurbo modeCheats
Victory
Defeat
🇬🇧 Khmer · United Kingdom
433
+13
🇨🇦 Japanese · Canada
366
-14
Hilux Surf
6:40 Loom
10:43 Feudal Age
11:21 Horse Collar
11:50 Town Watch
13:27 Wheelbarrow
15:45 Double-Bit Axe
Seli
5:30 Loom
11:57 Feudal Age
12:29 Double-Bit Axe
13:21 Wheelbarrow
13:10 Horse Collar
14:58 Town Watch
18:07 Bloodlines
19:03 Stone Mining
19:06 Gold Mining
Connection lost

Rejoining the realm…

Still unreachable

The connection could not be restored.

Session expired

The server has moved on; the page needs a fresh start.